PIO (24 & UNDER)
SURREY SINNERS @ SASKATOON SMOKIN' GUNS
07/29/2026
 
TOP OF THE 1ST
Surrey Sinners batting - Pitching for Saskatoon Smokin' Guns : RHP Bernie Titus
Pitching: RHP Bernie Titus
Batting: RHB Jamie Swyers 0-0: Ball
1-0: Ground out 5-3 (Groundball, 5L)
Batting: RHB Augusto Trevino 0-0: Swinging Strike
0-1: Called Strike
0-2: Ball
1-2: Ball
2-2: Foul Ball, location: 2F
2-2: Fly out, F3 (Popup, 3F)
Batting: RHB Clint Younger 0-0: Called Strike
0-1: Ball
1-1: Foul Ball, location: 2F
1-2: Ball
2-2: Ball
3-2: Base on Balls
Batting: LHB Iván Espinosa 0-0: Ball
Clint Younger is caught stealing 2nd base
Top of the 1st over - 0 run(s), 0 hit(s), 0 error(s), 0 left on base; Surrey 0 - Saskatoon 0
BOTTOM OF THE 1ST
Saskatoon Smokin' Guns batting - Pitching for Surrey Sinners : RHP Juan Rojas
Pitching: RHP Juan Rojas
Batting: LHB Alejandro Rojas 0-0: Foul Ball, location: 2F
0-1: Ground out 3-1 (Groundball, 3L)
Batting: RHB Johnny MacNamara 0-0: Foul Ball, location: 2F
0-1: Ball
1-1: Ball
2-1: Foul Ball, location: 2F
2-2: Ball
3-2: Strikes out looking
Batting: LHB Raúl Casillán 0-0: Ball
1-0: Swinging Strike
1-1: Ball
2-1: SINGLE (Line Drive, 6M)
Batting: LHB José Liñares 0-0: Ball
1-0: Fly out, F4 (Popup, 34D)
Bottom of the 1st over - 0 run(s), 1 hit(s), 0 error(s), 1 left on base; Surrey 0 - Saskatoon 0
TOP OF THE 2ND
Surrey Sinners batting - Pitching for Saskatoon Smokin' Guns : RHP Bernie Titus
Batting: LHB Iván Espinosa 0-0: Ball
1-0: SINGLE (Groundball, 4MD)
Batting: RHB Cooper Richard 0-0: Foul Ball, location: 2F
0-1: Foul Ball, location: 2F
0-2: TRIPLE (Flyball, 78XD)
Iván Espinosa scores
Batting: RHB Ramón Molina 0-0: Ball
1-0: Ball
2-0: SINGLE (Line Drive, 4M)
Cooper Richard scores
Batting: RHB Ricardo Deleón 0-0: Foul Ball, location: 2F
0-1: Ball
1-1: SINGLE (Groundball, 56D)
Ramón Molina to second
Batting: LHB José Blanco 0-0: DOUBLE (Line Drive, 7LM)
Ramón Molina scores
Ricardo Deleón to third
Batting: RHB Shawn Gutiérrez 0-0: Ball
1-0: Called Strike
1-1: Swinging Strike
1-2: Ball
2-2: Strikes out swinging
Batting: RHB Jamie Swyers 0-0: Called Strike
0-1: Swinging Strike
0-2: Strikes out swinging
Batting: RHB Augusto Trevino 0-0: Ball
1-0: Ball
2-0: Ball
3-0: Base on Balls
Batting: RHB Clint Younger 0-0: Called Strike
0-1: Called Strike
0-2: Ball
1-2: Fly out, F9 (Flyball, 9D)
Top of the 2nd over - 3 run(s), 5 hit(s), 0 error(s), 3 left on base; Surrey 3 - Saskatoon 0
BOTTOM OF THE 2ND
Saskatoon Smokin' Guns batting - Pitching for Surrey Sinners : RHP Juan Rojas
Batting: RHB Luis Ibarra 0-0: Ball
1-0: Called Strike
1-1: Ball
2-1: Foul Ball, location: 2F
2-2: Foul Ball, location: 2F
2-2: Ball
3-2: Base on Balls
Batting: LHB Russell Peck 0-0: Foul Ball, location: 2F
0-1: Grounds out, U3 (Groundball, 3L)
Batting: RHB Rijk de Rade 0-0: Called Strike
0-1: Ball
1-1: Called Strike
1-2: SINGLE (Line Drive, 7S)
Luis Ibarra to third
Batting: RHB Juan Chávez 0-0: Swinging Strike
0-1: Swinging Strike
0-2: Ball
1-2: Strikes out swinging
Batting: RHB Zack Flint 0-0: Ball
1-0: Foul Ball, location: 2F
1-1: Foul Ball, location: 2F
1-2: Fielders Choice at 2nd, U6 (Groundball, 6M)
Bottom of the 2nd over - 0 run(s), 1 hit(s), 0 error(s), 2 left on base; Surrey 3 - Saskatoon 0
TOP OF THE 3RD
Surrey Sinners batting - Pitching for Saskatoon Smokin' Guns : RHP Bernie Titus
Batting: LHB Iván Espinosa 0-0: Called Strike
0-1: Fly out, F4 (Popup, 4S)
Batting: RHB Cooper Richard 0-0: Called Strike
0-1: Ground out 6-3 (Groundball, 6M)
Batting: RHB Ramón Molina 0-0: Ground out 4-3 (Groundball, 4)
Top of the 3rd over - 0 run(s), 0 hit(s), 0 error(s), 0 left on base; Surrey 3 - Saskatoon 0
BOTTOM OF THE 3RD
Saskatoon Smokin' Guns batting - Pitching for Surrey Sinners : RHP Juan Rojas
Batting: LHB Alejandro Rojas 0-0: SINGLE (Flyball, 7LS)
Batting: RHB Johnny MacNamara 0-0: Ball
1-0: Called Strike
1-1: Ball
2-1: Called Strike
2-2: Ball
3-2: Strikes out swinging
Batting: LHB Raúl Casillán 0-0: Called Strike
Alejandro Rojas steals 2nd base
0-1: Foul Ball, location: 2F
0-2: Ball
1-2: Foul Ball, location: 2F
1-2: Strikes out swinging
Batting: LHB José Liñares 0-0: Called Strike
0-1: Ball
1-1: Ball
2-1: Fly out, F8 (Popup, 6MD)
Bottom of the 3rd over - 0 run(s), 1 hit(s), 0 error(s), 1 left on base; Surrey 3 - Saskatoon 0
TOP OF THE 4TH
Surrey Sinners batting - Pitching for Saskatoon Smokin' Guns : RHP Bernie Titus
Batting: RHB Ricardo Deleón 0-0: Ball
1-0: Called Strike
1-1: Called Strike
1-2: Ball
2-2: Strikes out swinging
Batting: LHB José Blanco 0-0: Ball
1-0: Called Strike
1-1: Foul Ball, location: 2F
1-2: Fly out, F8 (Flyball, 8LM)
Batting: RHB Shawn Gutiérrez 0-0: Ball
1-0: SINGLE (Flyball, 89S)
Batting: RHB Jamie Swyers 0-0: Called Strike
0-1: Ball
1-1: Ground out 6-3 (Groundball, 6)
Top of the 4th over - 0 run(s), 1 hit(s), 0 error(s), 1 left on base; Surrey 3 - Saskatoon 0
BOTTOM OF THE 4TH
Saskatoon Smokin' Guns batting - Pitching for Surrey Sinners : RHP Juan Rojas
Batting: RHB Luis Ibarra 0-0: Ball
1-0: Ball
2-0: Foul Ball, location: 2F
2-1: Ball
3-1: Foul Ball, location: 2F
3-2: Base on Balls
Batting: LHB Russell Peck 0-0: Ball
1-0: Ball
2-0: Grounds into double play, 1-4-3 (Groundball, 13)
Batting: RHB Rijk de Rade 0-0: Ball
1-0: DOUBLE (Groundball, 5L)
Pitching: RHP Santiago Ugalde
Batting: RHB Juan Chávez 0-0: Ball
1-0: Ground out 1-3 (Groundball, 13S)
Bottom of the 4th over - 0 run(s), 1 hit(s), 0 error(s), 1 left on base; Surrey 3 - Saskatoon 0
TOP OF THE 5TH
Surrey Sinners batting - Pitching for Saskatoon Smokin' Guns : RHP Bernie Titus
Batting: RHB Augusto Trevino 0-0: Ball
1-0: Ball
2-0: Called Strike
2-1: Foul Ball, location: 2F
2-2: Fly out, F4 (Popup, 9S)
Batting: RHB Clint Younger 0-0: Ball
1-0: Foul Ball, location: 2F
1-1: Called Strike
1-2: Foul Ball, location: 2F
1-2: Ball
2-2: Ball
3-2: Strikes out looking
Batting: LHB Iván Espinosa 0-0: SINGLE (Flyball, 6MD)
Batting: RHB Cooper Richard 0-0: Ball
1-0: Ball
2-0: DOUBLE (Line Drive, 78D)
Iván Espinosa to third
Batting: RHB Ramón Molina 0-0: Ball
1-0: Called Strike
1-1: Fly out, F8 (Flyball, 8RM)
Top of the 5th over - 0 run(s), 2 hit(s), 0 error(s), 2 left on base; Surrey 3 - Saskatoon 0
BOTTOM OF THE 5TH
Saskatoon Smokin' Guns batting - Pitching for Surrey Sinners : RHP Santiago Ugalde
Batting: RHB Zack Flint 0-0: SINGLE (Line Drive, 7S)
Batting: LHB Alejandro Rojas 0-0: Ball
1-0: Ball
2-0: SINGLE (Flyball, 7S)
Zack Flint to second
Batting: RHB Johnny MacNamara 0-0: SINGLE (Flyball, 89S)
Zack Flint to third
Alejandro Rojas to second
Batting: LHB Raúl Casillán 0-0: Ball
1-0: Ball
2-0: Called Strike
2-1: DOUBLE (Flyball, 89XD)
Zack Flint scores
Alejandro Rojas scores
Johnny MacNamara to third
Batting: LHB José Liñares 0-0: Foul Ball, location: 2F
0-1: Foul Ball, location: 2F
0-2: Ground out 6-3 (Groundball, 6)
Batting: RHB Luis Ibarra 0-0: Called Strike
0-1: Ball
1-1: Ground out 3-1 (Groundball, 34S)
Batting: LHB Russell Peck 0-0: Called Strike
0-1: Ball
1-1: Swinging Strike
1-2: Ball
2-2: Foul Ball, location: 2F
2-2: Ball
3-2: Ground out 1-3 (Groundball, 15S)
Bottom of the 5th over - 2 run(s), 4 hit(s), 0 error(s), 2 left on base; Surrey 3 - Saskatoon 2
TOP OF THE 6TH
Surrey Sinners batting - Pitching for Saskatoon Smokin' Guns : RHP Bernie Titus
Pitching: LHP Ernesto Pérez
Batting: RHB Ricardo Deleón 0-0: SINGLE (Groundball, 56D)
Batting: LHB José Blanco 0-0: Swinging Strike
0-1: Ball
1-1: Ball
2-1: SINGLE (Groundball, 6MD)
Ricardo Deleón to second
Batting: RHB Shawn Gutiérrez 0-0: Ball
1-0: Ball
2-0: Ball
3-0: Base on Balls
Ricardo Deleón to third
José Blanco to second
Batting: RHB Jamie Swyers 0-0: Grounds into fielders choice 6-2 (Groundball, 6)
José Blanco to third
Shawn Gutiérrez to second
Batting: RHB Augusto Trevino 0-0: Ball
1-0: Foul Ball, location: 2F
1-1: Foul Ball, location: 2F
1-2: Ball
2-2: Ball
3-2: Strikes out swinging
Batting: RHB Clint Younger 0-0: Foul Ball, location: 2F
0-1: Called Strike
0-2: Ball
1-2: Ball
2-2: Strikes out swinging
Top of the 6th over - 0 run(s), 2 hit(s), 0 error(s), 3 left on base; Surrey 3 - Saskatoon 2
BOTTOM OF THE 6TH
Saskatoon Smokin' Guns batting - Pitching for Surrey Sinners : RHP Santiago Ugalde
Batting: RHB Rijk de Rade 0-0: Ball
1-0: Ground out 6-3 (Groundball, 6M)
Batting: RHB Juan Chávez 0-0: Called Strike
0-1: Ground out 5-3 (Groundball, 56S)
Batting: RHB Zack Flint 0-0: Ball
1-0: Called Strike
1-1: Ball
2-1: Ball
3-1: SINGLE (Line Drive, 78S)
Batting: LHB Alejandro Rojas 0-0: Ball
1-0: Called Strike
1-1: Ball
2-1: SINGLE (Line Drive, 9S)
Zack Flint to second
Batting: RHB Johnny MacNamara 0-0: Ball
1-0: Called Strike
1-1: Swinging Strike
1-2: Ball
2-2: Ball
3-2: Strikes out swinging
Bottom of the 6th over - 0 run(s), 2 hit(s), 0 error(s), 2 left on base; Surrey 3 - Saskatoon 2
TOP OF THE 7TH
Surrey Sinners batting - Pitching for Saskatoon Smokin' Guns : LHP Ernesto Pérez
Pitching: RHP Álex Amaya
Batting: LHB Iván Espinosa 0-0: Ball
1-0: Ball
2-0: Swinging Strike
2-1: Swinging Strike
2-2: DOUBLE (Flyball, 89M)
Pinch Hitting: LHB Juan Hinojosa 0-0: Ball
1-0: Called Strike
1-1: Ball
2-1: Ball
3-1: Foul Ball, location: 2F
3-2: Foul Ball, location: 2F
3-2: Strikes out swinging
Batting: RHB Ramón Molina 0-0: Intentional Walk
Pinch Hitting: LHB Buddy Rice 0-0: Ball
1-0: Foul Ball, location: 2F
1-1: Foul Ball, location: 2F
1-2: Foul Ball, location: 2F
1-2: Ball
2-2: Fly out, F9 (Flyball, 89S)
Pinch Hitting: RHB Jesús Lara 0-0: Foul Ball, location: 2F
0-1: Ball
1-1: Foul Ball, location: 2F
1-2: Strikes out swinging
Top of the 7th over - 0 run(s), 1 hit(s), 0 error(s), 2 left on base; Surrey 3 - Saskatoon 2
BOTTOM OF THE 7TH
Saskatoon Smokin' Guns batting - Pitching for Surrey Sinners : RHP Santiago Ugalde
Pitching: LHP Orlando Morales
Now at 2B: Jesús Lara
Now in LF: Daniel Santiago
Now in RF: Buddy Rice
Batting: LHB Raúl Casillán 0-0: Called Strike
0-1: Ball
1-1: Foul Ball, location: 2F
1-2: Strikes out looking
Pitching: RHP Juan Fonseca
Batting: LHB José Liñares 0-0: Foul Ball, location: 2F
0-1: Ball
1-1: SINGLE (Line Drive, 8RS)
Batting: RHB Luis Ibarra 0-0: Ball
1-0: Grounds out, U3 (Groundball, 3L)
Batting: LHB Russell Peck 0-0: Ball
1-0: Ball
2-0: Ball
3-0: Base on Balls
Pinch Hitting: LHB Bo Rush 0-0: Called Strike
0-1: Swinging Strike
0-2: Ball
1-2: Ball
2-2: Ground out U3 (Groundball, 3S)
Bottom of the 7th over - 0 run(s), 1 hit(s), 0 error(s), 2 left on base; Surrey 3 - Saskatoon 2
TOP OF THE 8TH
Surrey Sinners batting - Pitching for Saskatoon Smokin' Guns : RHP Álex Amaya
Pitching: RHP Bernardo García
Now at 2B: Carlos Perneta
Batting: RHB Shawn Gutiérrez 0-0: Called Strike
0-1: Ball
1-1: Fly out, F4 (Popup, 34D)
Batting: RHB Jamie Swyers 0-0: Called Strike
0-1: Fly out, F9 (Flyball, 89M)
Batting: RHB Augusto Trevino 0-0: Ball
1-0: Ball
2-0: Foul Ball, location: 2F
2-1: Ground out 6-3 (Groundball, 6)
Top of the 8th over - 0 run(s), 0 hit(s), 0 error(s), 0 left on base; Surrey 3 - Saskatoon 2
BOTTOM OF THE 8TH
Saskatoon Smokin' Guns batting - Pitching for Surrey Sinners : RHP Juan Fonseca
Pitching: RHP Bob Martin
Batting: RHB Juan Chávez 0-0: Ball
1-0: Foul Ball, location: 2F
1-1: Foul Ball, location: 2F
1-2: Strikes out swinging
Batting: RHB Zack Flint 0-0: Called Strike
0-1: Ball
1-1: Foul Ball, location: 2F
1-2: Foul Ball, location: 2F
1-2: Ball
2-2: Ball
3-2: Foul Ball, location: 2F
3-2: Foul Ball, location: 2F
3-2: SINGLE (Groundball, 56D)
Batting: LHB Alejandro Rojas 0-0: Called Strike
0-1: Swinging Strike
0-2: Strikes out swinging
Pinch Hitting: RHB César Rodríguez 0-0: Called Strike
0-1: Ball
1-1: Ground out 6-3 (Groundball, 6)
Bottom of the 8th over - 0 run(s), 1 hit(s), 0 error(s), 1 left on base; Surrey 3 - Saskatoon 2
TOP OF THE 9TH
Surrey Sinners batting - Pitching for Saskatoon Smokin' Guns : RHP Bernardo García
Pitching: RHP Melvin Hicks
Now at 3B: Ben Fisher
Batting: RHB Clint Younger 0-0: Called Strike
0-1: Ball
1-1: SINGLE (Line Drive, 56D)
Batting: LHB Iván Espinosa 0-0: DOUBLE (Flyball, 78XD)
Clint Younger to third
Pinch Hitting: LHB Tony Smith 0-0: Ball
1-0: Called Strike
1-1: Ball
2-1: Foul Ball, location: 2F
2-2: Strikes out looking
Batting: RHB Ramón Molina 0-0: Intentional Walk
Batting: LHB Buddy Rice 0-0: Ball
1-0: Foul Ball, location: 2F
1-1: Fly out, F9 (Flyball, 9M)
Runner from 3rd tags up, SCORES, no throw
Batting: RHB Jesús Lara 0-0: Called Strike
0-1: Fielders Choice at 2nd, 5-4 (Groundball, 56)
Top of the 9th over - 1 run(s), 2 hit(s), 0 error(s), 1 left on base; Surrey 4 - Saskatoon 2
BOTTOM OF THE 9TH
Saskatoon Smokin' Guns batting - Pitching for Surrey Sinners : RHP Bob Martin
Pitching: LHP Henry Brown
Now in CF: Mitchell Darragh
Batting: LHB Raúl Casillán 0-0: Ball
1-0: Fly out, F4 (Popup, 4M)
Batting: LHB José Liñares 0-0: Called Strike
0-1: Ball
1-1: Ground out 4-3 (Groundball, 4M)
Batting: RHB Luis Ibarra 0-0: SINGLE (Flyball, 8RS)
Batting: LHB Russell Peck 0-0: Called Strike
0-1: Fly out, F8 (Flyball, 8LM)
Bottom of the 9th over - 0 run(s), 1 hit(s), 0 error(s), 1 left on base; Surrey 4 - Saskatoon 2
Monday, December 5th, 2016 - OOTP Baseball 17.12 Build 75